 Dungeon Crawl Stone Soup version 0.19-a0-1675-gc11f27c (webtiles) character file.

71693 Fuzzwah the Spear-Bearer (level 14, 0/136 HPs)
             Began as a Centaur Fighter on Sept 18, 2016.
             Was the Champion of Trog.
             Killed from afar by a deep elf mage (39 damage)
             ... with a bolt of fire
             ... on level 1 of the Elven Halls on Sept 23, 2016.
             The game lasted 01:59:33 (25245 turns).

Fuzzwah the Spear-Bearer (Centaur Fighter)         Turns: 25245, Time: 01:59:33

Health: 0/136      AC: 24    Str: 19    XL:     14   Next: 98%
Magic:  6/6        EV: 13    Int:  7    God:    Trog [******]
Gold:   1804       SH: 19    Dex: 32    Spells: 0 memorised, 13 levels left

rFire  x . .     SeeInvis .     D - +6 demon trident (antimagic)
rCold  . . .     Gourm    .     c - +3 leather armour "Nafy" {rF- rN+ Str-3 Dex+10}
rNeg   + . .     Faith    +     w - +1 large shield
rPois  +         Spirit   .     (helmet restricted)
rElec  +         Dismiss  .     k - +2 cloak
rCorr  .         Reflect  .     U - +2 pair of gloves
MR     +++..     Harm     .     J - +0 centaur barding of the Empire {Dex+9 Stlth-}
Stlth  ++........ Clarity  +    S - amulet of faith {Faith, !P}
                                e - +4 ring of protection
                                K - ring of Satau {*Slow rElec rPois MR++ Str+2}

@: exhausted, slowed
A: beak, claws 1, hooves 3, camouflage 1, blink, clarity, deformed body, speed
2, poison resistance, robust 1, tough skin 3
a: Blink, Berserk, Trog's Hand, Brothers in Arms, Burn Spellbooks, Renounce
Religion


You were on level 1 of the Elven Halls.
You worshipped Trog.
Trog was exalted by your worship.
You were very hungry.

You visited 4 branches of the dungeon, and saw 21 of its levels.
You also visited: Labyrinth, Sewer and Bailey.

You collected 2164 gold pieces.
You spent 360 gold pieces at shops.

Inventory:

Hand Weapons
 D - a +6 antimagic demon trident (weapon)
   (Trog gifted it to you on level 11 of the Dungeon)
Missiles
 G - 3 throwing nets {=f, !d}
 W - 2 poisoned javelins (quivered)
Armour
 c - the +3 leather armour "Nafy" (worn) {rF- rN+ Str-3 Dex+10}
   (You found it in a labyrinth)

   It affects your strength (-3).
   It affects your dexterity (+10).
   It makes you vulnerable to fire.
   It protects you from negative energy.
 k - a +2 cloak (worn)
   (You found it on level 10 of the Dungeon)
 w - a +1 large shield (worn)
   (You found it on level 2 of the Lair of Beasts)
 J - the +0 centaur barding of the Empire (worn) {Dex+9 Stlth-}
   (You acquired it on level 3 of the Lair of Beasts)

   It affects your dexterity (+9).
   It makes you less stealthy.
 U - a +2 pair of gloves (worn)
   (You found it on level 1 of the Lair of Beasts)
Rods
 j - a +1 lightning rod (11/11)
   (You found it in a labyrinth)
Jewellery
 e - a +4 ring of protection (right hand)
   (You found it on level 3 of the Dungeon)
 K - the ring of Satau (left hand) {*Slow rElec rPois MR++ Str+2}
   (You bought it in a shop on level 2 of the Orcish Mines)

   [ring of strength]

   It affects your strength (+2).
   It insulates you from electricity.
   It protects you from poison.
   It affects your resistance to hostile enchantments.
   It may slow you when you take damage.
 S - an amulet of faith (around neck) {Faith, !P}
   (You found it on level 11 of the Dungeon)
 V - an uncursed ring of flight {+Fly, !d}
   (You bought it in a shop on level 2 of the Orcish Mines)
Wands
 b - a wand of disintegration (7/24)
   (You found it in a labyrinth)
 n - a wand of paralysis (11/24)
   (You found it on level 10 of the Dungeon)
 P - a wand of slowing (19/48)
   (You found it on level 4 of the Lair of Beasts)
 T - a wand of acid (6/15)
   (You found it on level 5 of the Lair of Beasts)
 Z - a wand of digging (12/24)
   (You found it on level 12 of the Dungeon)
Scrolls
 d - 6 scrolls of fog
 p - 2 scrolls of remove curse
 q - 3 scrolls of blinking {!r}
 u - 4 scrolls of fear
 v - 3 scrolls of teleportation
 R - 3 scrolls of summoning
 Y - a scroll of magic mapping {!r}
Potions
 g - 7 potions of curing
 h - 2 potions of heal wounds
 i - 3 potions of agility
 m - 2 potions of cancellation
 o - 6 potions of haste
 s - a potion of flight
 B - 3 potions of invisibility
 L - 5 potions of lignification {!q}
 Q - a potion of might
Comestibles
 a - a chunk of flesh {@w0}
 f - 13 bread rations {@e1}


   Skills:
 + Level 11.1 Fighting
 + Level 12.7 Polearms
   Level 3.2 Crossbows
 * Level 5.5 Throwing
 + Level 8.4 Armour
 + Level 6.9 Dodging
 + Level 8.9 Shields
 + Level 8.6 Evocations


You had 13 spell levels left.
You didn't know any spells.

Dungeon Overview and Level Annotations

Branches:
Dungeon (12/15)            Temple (0/1) D:7            Lair (6/6) D:9
 Shoals (0/4) Lair:3       Spider (0/4) Lair:3        Slime (0/5) Lair:5
    Orc (2/2) D:9             Elf (1/3) Orc:2

Altars:
Cheibriados
Elyvilon
Fedhas
Ru
Sif Muna
Trog
Uskayaw
Xom
The Shining One
Beogh

Shops:
Orc:2 %(*%%


Innate Abilities, Weirdness & Mutations

You have hooves in place of feet.
Armour fits poorly on your strangely shaped body.
You cover ground very quickly.
You have extremely tough skin. (AC +3)
You have a beak for a mouth.
You have sharp fingernails.
Your skin changes colour to match your surroundings (Stealth+).
You can translocate small distances at will.
You possess an exceptional clarity of mind.
Your system is resistant to poisons. (rPois)
You are robust. (+10% HP)


Message History

You are covered in liquid flames!
You are covered in liquid flames!
The deep elf mage mumbles some strange words.
The deep elf mage blinks!
There is an open door, spattered with blood here.
Items here: ( )) [ † an uncursed short sword; an uncursed shortbow; 17 arrows; a leather armour an elf corpse You take 5 damage, and have 128/204 hp.
You impale the deep elf mage!!
You kill the deep elf mage!
Trog accepts your kill.
Trog appreciates your killing of a magic user.
You are covered in liquid flames!
You take 6 damage, and have 122/204 hp.
You miss something. Your kick misses something.
You are covered in liquid flames!
You take 3 damage, and have 119/204 hp.
You barely miss something. Your kick misses something. You peck something!
You are covered in liquid flames!
You block something's attack.
You take 3 damage, and have 116/204 hp.
You barely miss something. Your kick misses something.
You are covered in liquid flames!
You take 3 damage, and have 113/204 hp.
You miss something. You kick something.
You are covered in liquid flames!
The deep elf mage mumbles some strange words.
The deep elf mage blinks!
Something hits you.
You take 4 damage, and have 109/204 hp.
You impale something!! You kick something! You peck something.
You are covered in liquid flames!
You take 1 damage, and have 108/204 hp.
You barely miss something. Your kick misses something. You peck something!
You are covered in liquid flames!
You take 3 damage, and have 105/204 hp.
You completely miss something. You kick something. Your peck misses something.
You are covered in liquid flames!
You hear some strange, mumbled words.
A shard of ice appears from out of thin air!
You block the shard of ice.
You take 2 damage, and have 103/204 hp.
You miss something. You kick something. Trog accepts your kill.
Trog appreciates your killing of a magic user.
Reactivating autopickup.
You feel a bit more experienced.
You are covered in liquid flames!
You take 3 damage, and have 100/204 hp.
You closely miss the redback. You kick the redback!
Your peck misses the redback.
You are covered in liquid flames!
The hell rat twitches its whiskers.
The redback bites you but does no damage.
You take 4 damage, and have 96/204 hp.
You puncture the redback!
You kill the redback!
The redback's corpse disappears in a puff of smoke!
You are covered in liquid flames!
You take 2 damage, and have 94/204 hp.
You are no longer berserk.
You are exhausted.
You feel yourself slow down.
You are feeling very hungry.
The deep elf mage gestures wildly while chanting.
The sun demon hits you but does no damage.
Things that are here:
a scimitar; a leather armour You now have 64/136 hp.
You impale the sun demon!!
You kick the sun demon, but do no damage.
You peck the sun demon, but do no damage.
You block the sun demon's attack.
You closely miss the sun demon. Your kick misses the sun demon.
You block the sun demon's attack.
The deep elf mage mumbles some strange words.
The deep elf mage blinks!
You block the sun demon's attack.
You impale the sun demon!! You kick the sun demon.
The deep elf mage mumbles some strange words.
The sun demon hits you.
You are engulfed in flames!!
The fire burns you terribly!
* * * LOW HITPOINT WARNING * * *
The deep elf mage gestures wildly while chanting.
You take 26 damage, and have 38/136 hp.
You puncture the sun demon!
You kick the sun demon, but do no damage.
You peck the sun demon.
You kill the sun demon!
You block the deep elf mage's attack.
You hit the deep elf mage.
The deep elf mage's magic leaks into the air.
You kick the deep elf mage. You peck the deep elf mage.
The deep elf mage falters for a moment.
You miss the deep elf mage. Your kick misses the deep elf mage.
You peck the deep elf mage.
The deep elf mage mumbles some strange words.
The deep elf mage blinks!
The deep elf mage points at you and mumbles some strange words.
The bolt of fire hits you! The fire burns you terribly!
You die...

##(....#+ ##.......##
#.........#
#######.........+
......'.........#
#######......(..#
#....(...(# #
##......))## ##.##
+#.)...##@####
.....+##.##)####eEr#
......)#.##)# #e*E#
.......#.##.####r§r§e....
..P....'.........+3......
.......#.##.######.......
.......#.##.# .......
.....###.##.# .......
##.## #.##.# ##.....


You could see 3 deep elf magi, a smoke demon, 2 fire elementals, 3 hell rats and
a battlesphere.

Vanquished Creatures
  A deep elf sorcerer (Elf:1)
  A deep elf elementalist (Elf:1)
  A minotaur (Lab)
  Josephine (D:10)
  A catoblepas (Lair:6)
  The ghost of PurpleRed the Devastator, a journeyman DECj of Vehumet (Lair:6)
  The ghost of PurpleRed the Destroyer, a journeyman DECj of Vehumet (Lair:2)
  13 death yaks
  A deep troll shaman (Lair:6)
  A dancing weapon (Elf:1)
  2 ogre magi (Orc:2)
  An orc high priest (Bailey)
  The ghost of PurpleRed the Destroyer, a journeyman DECj of Vehumet (Lair:2)
  2 deep elf knights (Elf:1)
  3 skeletal warriors (D:12)
  2 deep trolls (Orc:2)
  4 hill giants
  3 deep elf archers (Elf:1)
  2 orc knights (Bailey)
  Pikel (D:7)
  A lindwurm (Lair:6)
  3 ugly things
  5 deep elf magi (Elf:1)
  2 orc sorcerers
  3 cyclopes
  4 elephants (Lair:6)
  3 black mambas
  A centaur zombie (D:11)
  A torpor snail (Lair:5)
  An eye of devastation (Lair:5)
  10 spiny frogs
  A rime drake (Lair:3)
  4 komodo dragons
  13 trolls
  A polar bear (Lair:3)
  A queen bee (D:10)
  8 two-headed ogres
  4 jumping spiders (Lair:3)
  12 blink frogs
  6 hippogriffs
  3 dream sheep (Lair:5)
  4 water elementals
  4 wraiths (D:10)
  A spriggan (Lair:4)
  6 redbacks (Lair:3)
  3 wyverns
  2 hungry ghosts (D:11)
  30 yaks
  A steam dragon (D:9)
  A basilisk (Lair:1)
  2 soldier ants (D:8)
  2 wargs
  8 water moccasins
  6 porcupines
  4 slaves (D:7)
  27 orc warriors
  5 sky beasts
  4 black bears
  Purgy (Sewer)
  28 ogres
  2 ice beasts
  2 necrophages (D:7)
  An eye of draining (Lair:5)
  2 phantoms
  5 centaurs
  6 wolves (Lair:6)
  14 crocodiles
  A big kobold (D:8)
  9 bullfrogs
  A wyvern skeleton (D:12)
  6 scorpions
  23 killer bees (D:10)
  3 wights (D:10)
  3 howler monkeys
  11 electric eels
  7 crimson imps
  A bullfrog zombie (D:6)
  A bullfrog skeleton (D:10)
  5 hounds
  3 jellies
  2 quasits
  18 orc priests
  8 iguanas
  6 worker ants
  30 orc wizards
  9 gnolls
  3 worker ant zombies
  13 adders
  34 river rats
  2 shadow imps
  3 adder skeletons
  8 worms
  5 dart slugs
  4 leopard geckos
  87 orcs
  7 ball pythons
  8 bats
  4 giant cockroaches
  23 hobgoblins
  12 jackals
  5 quokkas
  11 frilled lizards
  13 goblins
  10 kobolds
  2 leopard gecko skeletons
  13 rats
  3 plants
718 creatures vanquished.

Vanquished Creatures (others)
  An orc warrior (D:7)
  A scorpion (D:7)
  A hound (D:7)
  A jelly (D:7)
  A leopard gecko (D:7)
  2 orcs (D:7)
  8 fungi (Lair:6)
  16 plants
31 creatures vanquished.

Grand Total: 749 creatures vanquished

Notes
Turn   | Place    | Note
-------+----------+-------------------------------------------
     0 | D:1      | Fuzzwah the Centaur Fighter began the quest for the Orb.
     0 | D:1      | Reached XP level 1. HP: 19/19 MP: 1/1
   117 | D:1      | Reached XP level 2. HP: 23/26 MP: 2/2
   597 | D:1      | Reached skill level 2 in Polearms
   688 | D:2      | Reached XP level 3. HP: 16/31 MP: 3/3
  1114 | D:2      | HP: 7/31 [poisoned by an adder]
  1115 | D:2      | HP: 1/31 [adder (4)]
  1446 | D:2      | Reached XP level 4. HP: 32/38 MP: 4/4
  2065 | D:2      | Upgraded the game from 0.19-a0-1629-g59ed194 to 0.19-a0-1650-g9239046
  2101 | D:2      | Reached skill level 3 in Shields
  2494 | D:3      | Reached XP level 5. HP: 25/45 MP: 5/5
  2516 | D:3      | Found a glowing drain.
  2530 | D:3      | HP: 11/45 [river rat (6)]
  2536 | Sewer    | Entered a sewer
  2722 | Sewer    | Noticed Purgy
  2747 | Sewer    | HP: 7/45 [Purgy (5)]
  2753 | Sewer    | Killed Purgy
  2753 | Sewer    | Reached skill level 3 in Polearms
  2753 | Sewer    | Reached skill level 3 in Armour
  3297 | D:3      | Reached skill level 4 in Fighting
  3370 | D:3      | Found a sacrificial altar of Ru.
  3559 | D:3      | Found a bloodstained altar of Trog.
  3565 | D:3      | Became a worshipper of Trog the Wrathful
  3676 | D:4      | Got a fine lapis lazuli ring
  3683 | D:4      | Got a twisted ring mail
  3685 | D:4      | Identified the ring "Zitt" {*Drain rC+ MP+9 Str+2} (You found it on level 4 of the Dungeon)
  3696 | D:4      | Identified the +8 ring mail of Juzesofa {Dex+4} (You found it on level 4 of the Dungeon)
  3713 | D:4      | Found a blossoming altar of Fedhas.
  3740 | D:4      | Reached XP level 6. HP: 41/52 MP: 6/6
  4008 | D:4      | Found a white marble altar of Elyvilon.
  4393 | D:4      | Reached XP level 7. HP: 52/60 MP: 7/7
  4878 | D:4      | Upgraded the game from 0.19-a0-1650-g9239046 to 0.19-a0-1670-gc28a5d9
  4926 | D:5      | Entered Level 5 of the Dungeon
  4941 | D:5      | Reached * piety under Trog
  4941 | D:5      | Reached skill level 4 in Polearms
  4941 | D:5      | Reached skill level 4 in Shields
  5099 | D:5      | Reached skill level 5 in Fighting
  5197 | D:5      | Reached skill level 4 in Armour
  5220 | D:5      | Reached XP level 8. HP: 34/69 MP: 8/8
  5768 | D:5      | Reached ** piety under Trog
  5768 | D:5      | Reached skill level 5 in Polearms
  6034 | D:6      | Reached skill level 6 in Fighting
  6118 | D:6      | Found a shimmering altar of Xom.
  6119 | D:6      | Found a hide-covered altar of Uskayaw.
  6346 | D:6      | Gained mutation: You possess an exceptional clarity of mind. [mutagenic meat]
  6349 | D:6      | Gained mutation: Your mind is acute. (Int +2) [mutagenic meat]
  6352 | D:6      | Gained mutation: You have sharp fingernails. [mutagenic meat]
  6651 | D:6      | Reached skill level 5 in Shields
  6915 | D:6      | Reached XP level 9. HP: 71/78 MP: 9/9
  6986 | D:6      | Gained mutation: You can translocate small distances at will. [potion of mutation]
  6986 | D:6      | Gained mutation: You have a beak for a mouth. [potion of mutation]
  7017 | D:7      | Reached skill level 1 in Evocations
  7206 | D:7      | Reached skill level 6 in Polearms
  7235 | D:7      | Reached skill level 5 in Armour
  7257 | D:7      | Found a shimmering altar of Xom.
  7269 | D:7      | Reached *** piety under Trog
  7269 | D:7      | Reached skill level 1 in Dodging
  7345 | D:7      | Found a staircase to the Ecumenical Temple.
  7372 | D:7      | Noticed Pikel
  7382 | D:7      | Killed Pikel
  7382 | D:7      | Reached skill level 7 in Fighting
  7382 | D:7      | Reached skill level 2 in Evocations
  7641 | D:7      | Found a snail-covered altar of Cheibriados.
  7742 | D:7      | Found a glowing golden altar of the Shining One.
  7947 | D:8      | Found a deep blue altar of Sif Muna.
  8000 | D:8      | Reached skill level 2 in Dodging
  8084 | D:8      | Reached skill level 7 in Polearms
  8226 | D:8      | Reached XP level 10. HP: 83/86 MP: 12/12
  8284 | D:8      | Reached skill level 3 in Evocations
  8343 | D:8      | Reached **** piety under Trog
  8532 | D:8      | Found a roughly hewn altar of Beogh.
  8682 | D:9      | Found a glowing golden altar of the Shining One.
  8936 | D:9      | Found a staircase to the Orcish Mines.
  8944 | D:9      | Found a sacrificial altar of Ru.
  9106 | D:9      | Found a deep blue altar of Sif Muna.
  9571 | D:9      | Reached skill level 6 in Shields
  9578 | D:9      | Reached ***** piety under Trog
  9578 | D:9      | Reached skill level 8 in Polearms
  9609 | D:9      | Reached skill level 3 in Dodging
  9807 | D:9      | Reached skill level 4 in Evocations
  9824 | D:9      | Reached skill level 8 in Fighting
  9826 | D:9      | Found a staircase to the Lair.
 10276 | D:10     | Entered Level 10 of the Dungeon
 10300 | D:10     | Noticed a brown ugly thing
 10320 | D:10     | Killed a brown ugly thing
 10465 | D:10     | Reached XP level 11. HP: 94/94 MP: 14/14
 10467 | D:10     | Reached skill level 6 in Armour
 10711 | D:10     | Noticed Josephine
 10729 | D:10     | Killed Josephine
 11212 | D:10     | Upgraded the game from 0.19-a0-1670-gc28a5d9 to 0.19-a0-1674-g51edc52
 11484 | D:10     | Reached skill level 9 in Polearms
 11870 | D:11     | Reached skill level 5 in Evocations
 11904 | D:11     | Received a gift from Trog
 11991 | D:11     | Noticed a brown ugly thing
 12007 | D:11     | Killed a brown ugly thing
 12007 | D:11     | Reached skill level 4 in Dodging
 12017 | D:11     | Noticed a hill giant
 12026 | D:11     | Killed a hill giant
 13512 | D:12     | Found a flagged portal.
 13512 | D:12     | Noticed a green ugly thing
 13524 | D:12     | Killed a green ugly thing
 13524 | D:12     | Reached skill level 9 in Fighting
 13524 | D:12     | Reached XP level 12. HP: 73/104 MP: 8/16
 13771 | Bailey   | Entered a bailey
 13860 | Bailey   | Found an iron altar of Okawaru.
 13860 | Bailey   | Noticed an orc high priest
 13877 | Bailey   | Reached skill level 7 in Shields
 13885 | Bailey   | Killed an orc high priest
 13885 | Bailey   | Reached skill level 10 in Polearms
 14247 | Bailey   | Received a gift from Trog
 14617 | D:12     | Reached skill level 6 in Evocations
 15088 | Orc:1    | Entered Level 1 of the Orcish Mines
 15107 | Orc:1    | Reached skill level 5 in Dodging
 15464 | Orc:2    | Entered Level 2 of the Orcish Mines
 15693 | Orc:2    | Noticed an ogre mage
 15718 | Orc:1    | Reached skill level 7 in Armour
 15765 | Orc:1    | Received a gift from Trog
 15770 | Orc:1    | Got a polished spear {god gift}
 16017 | Orc:1    | Identified the +11 spear of Liusoucw {flame, rF+ MR- Dex+3} (Trog gifted it to you on level 1 of the Orcish Mines)
 16034 | Orc:1    | Reached ****** piety under Trog
 16034 | Orc:1    | Reached skill level 11 in Polearms
 16166 | Orc:2    | Killed an ogre mage
 16169 | Orc:2    | Reached XP level 13. HP: 105/113 MP: 17/17
 16188 | Orc:2    | Found Tuizaist's Food Boutique.
 16194 | Orc:2    | Found Gaump's Weapon Boutique.
 16208 | Orc:2    | Found Fyddelirph's Food Shoppe.
 16277 | Orc:2    | Reached skill level 10 in Fighting
 16311 | Orc:2    | Found Ynweh's Assorted Antiques.
 16593 | Orc:2    | Found Majopit's Food Shoppe.
 16609 | Orc:2    | Paralysed by an orc sorcerer for 5 turns
 16621 | Orc:2    | Received a gift from Trog
 16621 | Orc:2    | Reached skill level 7 in Evocations
 16631 | Orc:2    | Found a staircase to the Elven Halls.
 16724 | Orc:2    | Bought a potion of heal wounds for 120 gold pieces
 16724 | Orc:2    | Bought an onyx ring for 120 gold pieces
 16724 | Orc:2    | Bought a serpentine ivory ring for 120 gold pieces
 16730 | Orc:2    | Identified the ring of Satau {*Slow rElec rPois MR++ Str+2} (You bought it in a shop on level 2 of the Orcish Mines)
 16977 | Orc:1    | Found a roughly hewn altar of Beogh.
 17026 | Orc:1    | Found a roughly hewn altar of Beogh.
 17411 | Lair:1   | Entered Level 1 of the Lair of Beasts
 17615 | Lair:1   | Gained mutation: Your system is resistant to poisons. (rPois) [potion of mutation]
 17615 | Lair:1   | Lost mutation: Your mind is acute. (Int +2) [potion of mutation]
 17615 | Lair:1   | Gained mutation: You are robust. (+10% HP) [potion of mutation]
 17710 | Lair:1   | Got an iridescent hand crossbow
 17711 | Lair:1   | Identified the +7 hand crossbow of Harmony {venom, Dex+5} (You found it on level 1 of the Lair of Beasts)
 18088 | Lair:1   | Reached skill level 8 in Shields
 18989 | Lair:2   | Noticed PurpleRed's ghost (journeyman DECj)
 19009 | Lair:2   | Killed PurpleRed's ghost
 19162 | Lair:2   | Received a gift from Trog
 19191 | Lair:2   | Noticed PurpleRed's ghost (journeyman DECj)
 19204 | Lair:2   | Killed PurpleRed's ghost
 20135 | Lair:3   | Reached skill level 6 in Dodging
 20159 | Lair:3   | Reached skill level 12 in Polearms
 20284 | Lair:3   | Got a steaming centaur barding
 20295 | Lair:3   | Identified the +0 centaur barding of the Empire {Dex+9 Stlth-} (You acquired it on level 3 of the Lair of Beasts)
 20502 | Lair:3   | Found a hole to the Spider Nest.
 20654 | Lair:3   | Found a staircase to the Shoals.
 20664 | Lair:3   | Received a gift from Trog
 20739 | Lair:3   | Reached XP level 14. HP: 113/134 MP: 19/19
 21277 | Lair:4   | Gained mutation: Your skin changes colour to match your surroundings (Stealth+). [potion of beneficial mutation]
 22102 | Lair:5   | Received a gift from Trog
 22157 | Lair:5   | Reached skill level 1 in Throwing
 22193 | Lair:5   | Found a staircase to the Slime Pits.
 22240 | Lair:5   | Reached skill level 2 in Throwing
 22240 | Lair:5   | Reached skill level 8 in Armour
 22246 | Lair:5   | Reached skill level 8 in Evocations
 22293 | Lair:5   | Found a labyrinth entrance.
 22302 | Lab      | Entered a labyrinth
 22458 | Lab      | Found an exit through the horrors of the Abyss.
 22527 | Lab      | Got a crystal arbalest
 22566 | Lab      | Identified the Compendium of Calling and Changing
 22572 | Lab      | Identified the cursed +1 arbalest of the Establishment {elec, rPois rN++ Dex-4 Stlth+} (You took it off a minotaur in a labyrinth)
 22577 | Lab      | Got a slimy halberd
 22577 | Lab      | Got an encrusted scale mail
 22585 | Lab      | Identified the +3 halberd of Revolt {vamp, *Slow rElec Int+3 Dex+4} (You found it in a labyrinth)
 22598 | Lab      | Identified the +0 scale mail of Complete Protection {+Inv rPois} (You found it in a labyrinth)
 22599 | Lab      | Got a heavily runed leather armour
 22620 | Lab      | Identified the +3 leather armour "Nafy" {rF- rN+ Str-3 Dex+10} (You found it in a labyrinth)
 22638 | Lab      | Identified a +1 lightning rod (11/11) (You found it in a labyrinth)
 23023 | Lair:6   | Entered Level 6 of the Lair of Beasts
 23145 | Lair:6   | Reached skill level 3 in Throwing
 23286 | Lair:6   | Noticed PurpleRed's ghost (journeyman DECj)
 23297 | Lair:6   | Killed PurpleRed's ghost
 23297 | Lair:6   | Reached skill level 1 in Crossbows
 23609 | Lair:6   | Reached skill level 2 in Crossbows
 23652 | Lair:6   | Reached skill level 4 in Throwing
 23659 | Lair:6   | Reached skill level 11 in Fighting
 23993 | Lair:6   | Reached skill level 3 in Crossbows
 24180 | Lair:6   | Received a gift from Trog
 24311 | Lair:6   | Upgraded the game from 0.19-a0-1674-g51edc52 to 0.19-a0-1675-gc11f27c
 24696 | Elf:1    | Entered Level 1 of the Elven Halls
 24745 | Elf:1    | Noticed a deep elf sorcerer
 24759 | Elf:1    | Killed a deep elf sorcerer
 24759 | Elf:1    | Reached skill level 5 in Throwing
 25192 | Elf:1    | Noticed a deep elf elementalist
 25214 | Elf:1    | Killed a deep elf elementalist
 25245 | Elf:1    | Killed from afar by a deep elf mage

Vault maps used:
D:1:      scummos_arrival_checkerplants
D:2:      st_stairs_1, minmay_close_crescents
D:3:      overflow_temple_1_default, first_bread, portal_sewer_entry_e,
          nicolae_ru_sacrificial_ziggurat
D:4:      elyvilon_altar_4, fedhas_altar_3
D:6:      gammafunk_temple_overflow_statue
D:7:      cheibrodos_worm_habitat, basic_altar, xom_confusion_cloud, uniq_pikel
D:8:      special_room, basic_altar, hangedman_pestilent_swarm
D:9:      kennysheep_orc_sif_temple, kennysheep_mini, erik_lair_dragon,
          orc_0_dummy, nicolae_tso_carved_into_rock
D:10:     special_room, uniq_josephine
D:11:     amethyst_killhole, serial_bayou_crossing
D:12:     enter_bailey_2, serial_shops, shop_statue, uniq_snorg, uniq_harold
Lair:1:   grunt_megastairs_4
Lair:3:   minmay_shoals_entry_centaurs, nicolae_spider_entry_tight_spaces,
          grunt_megastairs_3
Lair:4:   grunt_forest_large_clearing_hut
Lair:5:   minmay_slime_entry_eyes, lab_entry_generic
Lair:6:   grunt_lair_end_beastmaster, serial_bayou, serial_bayou_lagoon_b,
          serial_bayou_ford_a, serial_bayou_pond_a, serial_bayou_pond_e,
          serial_bayou_pond_e, serial_bayou_pond_e
Orc:1:    basic_altar, minmay_orc_temple_a
Orc:2:    st_orc_open, serial_shops, nicolae_shop_temple_entry_statues_fountains
Elf:1:    eino_elf_arrival_sip, serial_shops,
          nicolae_shop_temple_entry_statues_fountains, hangedman_elf_disciples
Lab:      labyrinth_mini_lab, nicolae_lab_garden, nicolae_lab_dead_end,
          labyrinth_fake_exit, nicolae_lab_grate_2, nicolae_lab_very_dead_end,
          lab_statue
Sewer:    sewer_co_purgy_island
Bailey:   bailey_axe_of_yendor_kennysheep, bailey

Skill      XL: |  1  2  3  4  5  6  7  8  9 10 11 12 13 14 |
---------------+-------------------------------------------+-----
Polearms       | 2 3 4 5 7 8 9 11 12 | 12.7
Shields        | 3 4 5 6 7 8 |  8.9
Armour         | 3 4 5 6 7 8 |  8.4
Fighting       | 4 5 6 7 8 9 10 11 | 11.1
Evocations     | 2 4 5 6 7 8 |  8.6
Dodging        | 2 3 4 5 6 |  6.9
Throwing       | 5 |  5.5
Crossbows      | 3 |  3.2

Action                   |  1- 3 |  4- 6 |  7- 9 | 10-12 | 13-15 || total
-------------------------+-------+-------+-------+-------+-------++-------
Melee: Trident           |   154 |   296 |   332 |       |       ||   782
       Kick              |    28 |    58 |   175 |   421 |   412 ||  1094
       Spear             |       |       |   217 |   607 |   869 ||  1693
       Peck              |       |       |    35 |   254 |   259 ||   548
       Demon trident     |       |       |       |   482 |    93 ||   575
Throw: Javelin           |       |       |       |       |    81 ||    81
Invok: Berserk           |       |       |     1 |     8 |     5 ||    14
 Abil: Blink             |       |       |       |       |     1 ||     1
  Use: Potion            |     3 |     7 |     1 |     1 |     2 ||    14
       Scroll            |       |     6 |    13 |     4 |    16 ||    39
 Stab: Held in net/web   |       |       |       |       |     3 ||     3
       Petrified         |       |       |       |       |     2 ||     2
       Petrifying        |       |       |       |       |     1 ||     1
  Eat: Chunk             |     1 |     3 |    17 |    13 |     4 ||    38
       Meat ration       |       |     1 |       |       |     4 ||     5
       Pizza             |       |       |       |     2 |     2 ||     4
       Fruit             |       |       |       |    12 |     6 ||    18
       Beef jerky        |       |       |       |     6 |     1 ||     7
Armor: Scale mail        |    60 |   119 |       |       |       ||   179
       Ring mail         |       |    66 |   270 |   309 |   159 ||   804
       Leather armour    |       |       |       |       |    38 ||    38
Dodge: Dodged            |    38 |    86 |   112 |   255 |   108 ||   599
Block: Shield            |    43 |   109 |   215 |   369 |   101 ||   837
       Large shield      |       |       |       |       |   237 ||   237

Vault maps used:
D:1:      scummos_arrival_checkerplants
D:2:      st_stairs_1, minmay_close_crescents
D:3:      overflow_temple_1_default, first_bread, portal_sewer_entry_e,
          nicolae_ru_sacrificial_ziggurat
D:4:      elyvilon_altar_4, fedhas_altar_3
D:6:      gammafunk_temple_overflow_statue
D:7:      cheibrodos_worm_habitat, basic_altar, xom_confusion_cloud, uniq_pikel
D:8:      special_room, basic_altar, hangedman_pestilent_swarm
D:9:      kennysheep_orc_sif_temple, kennysheep_mini, erik_lair_dragon,
          orc_0_dummy, nicolae_tso_carved_into_rock
D:10:     special_room, uniq_josephine
D:11:     amethyst_killhole, serial_bayou_crossing
D:12:     enter_bailey_2, serial_shops, shop_statue, uniq_snorg, uniq_harold
Lair:1:   grunt_megastairs_4
Lair:3:   minmay_shoals_entry_centaurs, nicolae_spider_entry_tight_spaces,
          grunt_megastairs_3
Lair:4:   grunt_forest_large_clearing_hut
Lair:5:   minmay_slime_entry_eyes, lab_entry_generic
Lair:6:   grunt_lair_end_beastmaster, serial_bayou, serial_bayou_lagoon_b,
          serial_bayou_ford_a, serial_bayou_pond_a, serial_bayou_pond_e,
          serial_bayou_pond_e, serial_bayou_pond_e
Orc:1:    basic_altar, minmay_orc_temple_a
Orc:2:    st_orc_open, serial_shops, nicolae_shop_temple_entry_statues_fountains
Elf:1:    eino_elf_arrival_sip, serial_shops,
          nicolae_shop_temple_entry_statues_fountains, hangedman_elf_disciples
Lab:      labyrinth_mini_lab, nicolae_lab_garden, nicolae_lab_dead_end,
          labyrinth_fake_exit, nicolae_lab_grate_2, nicolae_lab_very_dead_end,
          lab_statue
Sewer:    sewer_co_purgy_island
Bailey:   bailey_axe_of_yendor_kennysheep, bailey

Table legend:
 A = Turns spent in this place as a percentage of turns spent in the entire game.
 B = Non-inter-level travel turns spent in this place as a percentage of non-inter-level travel turns spent in the entire game.
 C = Inter-level travel turns spent in this place as a percentage of turns spent in this place.
 D = Turns resting spent in this place as a percentage of non-inter-level travel turns spent in this place.
 E = Turns spent auto-exploring this place as a percentage of non-inter-level travel turns spent in this place.
 F = Non-inter-level travel turns spent in this place divided by the number of levels of this place that you've seen.
                   A       B       C       D       E      F
               +-------+-------+-------+-------+-------+----------------------
         Total | 100.0 | 100.0 |   0.8 |   3.8 |  10.2 | 246.5
       Dungeon |  55.2 |  55.2 |   0.8 |   4.3 |  10.1 | 272.4
          Lair |  23.0 |  23.0 |   0.9 |   0.5 |  11.6 | 226.3
  Orcish Mines |  10.0 |   9.9 |   1.3 |   6.1 |   9.4 | 293.5
   Elven Halls |   2.9 |   2.9 |   0.0 |   5.7 |   5.2 | 174.0
     Labyrinth |   2.7 |   2.7 |   0.0 |   4.4 |   0.0 | 159.0
         Sewer |   1.9 |   2.0 |   0.0 |  12.1 |   8.6 | 116.0
        Bailey |   4.3 |   4.3 |   0.0 |   4.7 |  15.7 | 254.0
               +-------+-------+-------+-------+-------+----------------------

Table legend:
 A = Kills in this place as a percentage of kills in entire the game.
 B = Kills by you in this place as a percentage of kills by you in the entire game.
 C = Kills by friends in this place as a percentage of kills by friends in the entire game.
 D = Other kills in this place as a percentage of other kills in the entire game.
 E = Experience gained in this place as a percentage of experience gained in the entire game.
 F = Experience gained in this place divided by the number of levels of this place that you have seen.
                   A       B       C       D       E      F
               +-------+-------+-------+-------+-------+----------------------
         Total | 100.0 | 100.0 |  -nan |  -nan | 100.0 | 4267.5
       Dungeon |  51.1 |  51.1 |  -nan |  -nan |  25.2 | 2146.6
          Lair |  24.1 |  24.1 |  -nan |  -nan |  42.1 | 7179.5
  Orcish Mines |  15.6 |  15.6 |  -nan |  -nan |  17.1 | 8766.0
   Elven Halls |   2.0 |   2.0 |  -nan |  -nan |  10.7 | 10982.0
     Labyrinth |   0.1 |   0.1 |  -nan |  -nan |   1.1 | 1078.0
         Sewer |   1.3 |   1.3 |  -nan |  -nan |   0.1 | 133.0
        Bailey |   5.9 |   5.9 |  -nan |  -nan |   3.8 | 3858.0
               +-------+-------+-------+-------+-------+----------------------
